 Dungeon Crawl Stone Soup version 0.25-a0-378-gd2ca0b7745 (console) character file.

Game seed: 5079849834123589744, levelgen mode: deterministic

665 Kagalorn the Shooter (level 7, 0/57 HPs)
             Began as a Naga Arcane Marksman on Jan 7, 2020.
             Was an Initiate of Okawaru.
             Slain by a sky beast (6 damage)
             ... on level 5 of the Dungeon.
             The game lasted 00:20:47 (5500 turns).

Kagalorn the Shooter (Naga Arcane Marksman)         Turns: 5500, Time: 00:20:48

Health: 0/57       AC:  5    Str: 14    XL:     7   Next: 57%
Magic:  8/8        EV: 10    Int: 14    God:    Okawaru [......]
Gold:   53         SH:  5    Dex: 11    Spells: 8/8 levels left

rFire    . . .     SeeInvis +   b - +1 short sword (venom)
rCold    . . .     Gourm    .   (no shield)
rNeg     . . .     Faith    .   e - +0 robe
rPois    +         Spirit   .   F - +1 helmet
rElec    .         Reflect  +   (no cloak)
rCorr    .         Harm     .   (no gloves)
MR       .....                  (no barding)
Stlth    +++.......             q - +5 amulet of reflection
HPRegen  0.19/turn              (no ring)
MPRegen  0.11/turn              (no ring)

@: short of breath, very slow
A: large, see invisible, deformed body, poison resistance, slowness 2, slow
metabolism 1, spit poison 1, AC +2
a: Spit Poison, Renounce Religion


You were on level 5 of the Dungeon.
You worshipped Okawaru.
Okawaru was noncommittal.
You were not hungry.

You visited 1 branch of the dungeon, and saw 6 of its levels.
You also visited: Sewer.

You collected 208 gold pieces.
You spent 155 gold pieces at shops.

Inventory:

Hand Weapons
 a - a +0 shortbow
 b - a +1 short sword of venom (weapon)
 g - a +0 long sword of slicing
 h - a +2 hand axe of chopping
 w - a +0 quarterstaff
Missiles
 d - 37 arrows
 t - 5 atropa-tipped darts (quivered)
 x - 8 javelins
 J - a throwing net
Armour
 e - a +0 robe (worn)
 u - a +0 chain mail
 F - a +1 helmet (worn)
Jewellery
 i - an uncursed ring of fire {unknown}
 p - a +3 ring of evasion {unknown}
 q - a +5 amulet of reflection (around neck)
 y - an uncursed ring of resist corrosion {unknown}
 D - a cursed ring of attention {unknown}
Wands
 H - a wand of flame (18)
Scrolls
 c - 2 scrolls of teleportation
 k - a scroll of amnesia
 l - 2 scrolls of immolation {unknown}
 n - 2 scrolls of fog {unknown}
 o - a scroll of magic mapping {unknown}
 s - a scroll of noise {unknown}
 z - a scroll of fear {unknown}
 B - a scroll of random uselessness {unknown}
 G - 2 scrolls of remove curse {unknown}
Potions
 j - a potion of invisibility
 m - a potion of brilliance {unknown}
 r - 2 potions of flight {unknown}
 v - a potion of agility
 A - 2 potions of haste
 C - a potion of berserk rage
 E - a potion of might
Comestibles
 f - 13 rations
 I - 3 chunks of flesh


   Skills:
 * Level 1.6 Fighting
 * Level 0.7 Staves
 * Level 6.3 Bows
 - Level 1.5 Dodging
 - Level 6.1 Stealth
 - Level 1.0 Spellcasting
   Level 3.0 Hexes


You had 8 spell levels left.
You didn't know any spells.
Your spell library contained the following spells:

 Spells                   Type           Power        Failure   Level  Hunger
 Corona                   Hex            #......      8%          1    ##.....
 Slow                     Hex            #.......     12%         2    ###....
 Inner Flame              Hex/Fire       #.......     38%         3    ####...
 Portal Projectile        Hex/Tloc       #.....       38%         3    ####...
 Cause Fear               Hex            #.........   58%         4    #####..
 Leda's Liquefaction      Hex/Erth       #.........   80%         4    #####..


Dungeon Overview and Level Annotations

Branches:
Dungeon (6/15)              Sewer (visited)
 Temple: D:4-7

Altars:
Gozag
Nemelex Xobeh
Okawaru
Vehumet
The Shining One

Shops:
D:5 *

Annotations:
D:2 exclusion: 2 gnolls
D:5 Edmund


Innate Abilities, Weirdness & Mutations

You cannot wear boots.
Your serpentine skin is tough. (AC +2)
You have supernaturally acute eyesight. (SInv)
Armour fits poorly on your strangely shaped body.
Your system is resistant to poisons. (rPois)
You cover ground very slowly.
You have a slow metabolism.
You can spit poison.


Message History

Press: ? - help, Shift-Dir - straight line, f/p - sky beast
Aim: a sky beast (severely wounded, slightly transparent)
The splash of poison misses the sky beast.
You feel slightly more hungry. The sky beast hits you.
The sky beast shocks you.
You hit the sky beast.
The sky beast is poisoned.
The sky beast is severely wounded.
The sky beast hits you. The sky beast shocks you.
* * * LOW HITPOINT WARNING * * *
You block the sky beast's attack.
You hit the sky beast.
The sky beast is almost dead.
The sky beast hits you.
* * * LOW HITPOINT WARNING * * *
The sky beast shocks you.
* * * LOW HITPOINT WARNING * * *
The sky beast hits you.
* * * LOW HITPOINT WARNING * * *
The sky beast shocks you.
You die...

..........# ..
.......$..# ##..
..........# #..#
.....(....##(.#
....[.(...#..#
.........#..#
...........##
.........Y##
.........@##
...........##
.........#..####
........###....#####
.......##
###......#####
......#
#..........###
..#..#
##.).###...... ..#
##...######.. ##...#
###


You could see a sky beast (invisible).

Vanquished Creatures
  An ice beast (D:5)
  A slave (D:5)
  A crocodile (Sewer)
  Blork the orc (D:5)
  A crimson imp (D:4)
  3 orc priests (D:4)
  A centaur skeleton (D:5)
  3 worker ants
  A hound skeleton (D:5)
  A gnoll (D:1)
  7 adders
  3 oozes
  2 worms
  5 dart slugs
  4 leopard geckos
  3 orcs
  2 ball pythons
  3 giant cockroaches
  9 goblins
  8 hobgoblins
  10 jackals
  10 kobolds
  10 bats
  8 frilled lizards
  13 rats
111 creatures vanquished.

Notes
Turn   | Place    | Note
-------+----------+-------------------------------------------
     0 | D:1      | Kagalorn the Naga Arcane Marksman began the quest for the
                  | Orb.
     0 | D:1      | Reached XP level 1. HP: 18/18 MP: 2/2
    22 | D:1      | Reached skill level 1 in Stealth
   162 | D:1      | Reached XP level 2. HP: 19/25 MP: 3/3
   651 | D:1      | Reached XP level 3. HP: 24/31 MP: 4/4
   870 | D:1      | Reached skill level 5 in Stealth
  1157 | D:1      | Reached XP level 4. HP: 38/38 MP: 5/5
  1706 | D:2      | Found a sparkling altar of Nemelex Xobeh.
  1805 | D:2      | Found a sparkling altar of Nemelex Xobeh.
  1929 | D:2      | Reached XP level 5. HP: 44/44 MP: 6/6
  2987 | D:4      | Found a radiant altar of Vehumet.
  3017 | D:4      | Reached XP level 6. HP: 4/51 MP: 7/7
  3085 | D:4      | Found an opulent altar of Gozag.
  3148 | D:4      | Found a glowing drain.
  3158 | Sewer    | Entered a sewer
  3927 | D:5      | Entered Level 5 of the Dungeon
  4021 | D:5      | Reached skill level 5 in Bows
  4034 | D:5      | Noticed Edmund
  4111 | D:5      | Noticed an ice beast
  4117 | D:5      | Noticed Blork the orc
  4176 | D:5      | Noticed a slave
  4176 | D:5      | Noticed a slave
  4530 | D:5      | Found a glowing golden altar of the Shining One.
  4811 | D:5      | Noticed an ice beast
  4917 | D:6      | Noticed an orc warrior
  5063 | D:4      | Reached XP level 7. HP: 57/57 MP: 8/8
  5156 | D:5      | Found an iron altar of Okawaru.
  5156 | D:5      | Found Tuope's Assorted Antiques.
  5163 | D:5      | Became a worshipper of Warmaster Okawaru
  5170 | D:5      | Bought a scroll labeled IKAIFR WUCKI for 31 gold pieces
  5170 | D:5      | Bought a quarterstaff for 124 gold pieces
  5293 | D:5      | Killed Blork the orc
  5500 | D:5      | Slain by a sky beast

Levels and vault maps discovered:
D:1:      dpeg_arrival_round_b, layout_loops_corners, minmay_pentomino_r4
D:2:      layout_basic, lemuel_crystal_altar, nemelex_xobeh_ov_fountains_minmay
D:3:      layout_basic, first_ration
D:4:      kennysheep_big_flooded_room, layout_basic, nicolae_gozag_seed_capital,
          vehumet_altar_wand_db, portal_sewer_entry_d
D:5:      layout_cave_pods, lemuel_doored_altar, okawaru_metal_pillars_1_2,
          serial_shops, shop, hangedman_abyss_or_decor_stabs, uniq_edmund,
          uniq_pikel, uniq_blork_the_orc
D:6:      layout_basic, amethyst_overflow_temple_binary, chei_slow_surprise,
          uniq_duvessa

Skill      XL: |  1  2  3  4  5  6  7 |
---------------+----------------------+-----
Stealth        | 2 4 5 6 |  6.1
Bows           | 2 4 5 6 |  6.3
Fighting       | |  1.6
Staves         | |  0.7
Dodging        | |  1.5
Spellcasting   | |  1.0
Hexes          | |  3.0

Action                   |  1- 3 |  4- 6 |  7- 9 || total
-------------------------+-------+-------+-------++-------
Melee: Unarmed           |    36 |       |       ||    36
       Short sword       |     1 |   141 |    14 ||   156
 Fire: Shortbow          |    10 |    51 |    50 ||   111
Throw: Dart              |       |     1 |       ||     1
 Abil: Spit Poison       |    32 |    89 |     4 ||   125
  Use: Scroll            |       |     5 |     1 ||     6
       Potion            |       |     5 |       ||     5
 Stab: Sleeping          |     1 |     4 |       ||     5
       Invisible         |       |     4 |       ||     4
  Eat: Chunk             |     2 |    16 |     1 ||    19
Armor: Robe              |     9 |    46 |     6 ||    61
Dodge: Dodged            |    28 |   115 |     8 ||   151
Block: Other             |       |    15 |     7 ||    22

Table legend:
 A = Non-vault XP
 B = Vault XP
 C = Vault XP percentage of total XP
 D = Non-vault monster count
 E = Vault monster count
 F = Vault count percentage of total count
                 A         B        C        D         E       F
            +---------+---------+-------+---------+---------+-------
      Total |     690 |     261 |  27.4 |      98 |      12 |  10.9
            +---------+---------+-------+---------+---------+-------
        D:1 |      84 |       4 |   4.5 |      35 |       1 |   2.8
        D:2 |      77 |       0 |   0.0 |      24 |       0 |   0.0
        D:3 |      57 |       0 |   0.0 |      20 |       0 |   0.0
        D:4 |     232 |      54 |  18.9 |      11 |       4 |  26.7
        D:5 |     240 |      94 |  28.1 |       8 |       1 |  11.1
      Sewer |       0 |     109 | 100.0 |       0 |       6 | 100.0
            +---------+---------+-------+---------+---------+-------
